 Dungeon Crawl Stone Soup version 0.30-a0-476-g330ca2eb8e (webtiles) character file.

Game seed: 10545241483090131228

4721 experimilk the Destroyer (level 10, -3/69 HPs)
             Began as a Pale Draconian Conjurer on Dec 21, 2022.
             Was a Follower of Vehumet.
             Slain by a boulder beetle (38 damage)
             ... on level 7 of the Dungeon on Dec 22, 2022.
             The game lasted 00:30:33 (13775 turns).

experimilk the Destroyer (Pale Draconian Conjurer) Turns: 13775, Time: 00:30:34

Health: -3/69      AC:  7    Str:  9    XL:     10   Next: 22%
Magic:  11/16      EV: 12    Int: 23    God:    Vehumet [*.....]
Gold:   460        SH:  0    Dex: 10    Spells: 3/18 levels left

rFire   . . .      SeeInvis .    a - +0 dagger (elec)
rCold   + . .      Faith    .    (no shield)
rNeg    . . .      Spirit   .    (body armour unavailable)
rPois   .          Reflect  .    (helmet restricted)
rElec   .          Harm     .    (no cloak)
rCorr   .          Rampage  .    (no gloves)
Will    .....                    (no boots)
Stlth   ++........               (no amulet)
HPRegen 0.31/turn                f - ring of protection from cold
MPRegen 0.15/turn                (no ring)

@: sluggish, very slow
A: breathe steam, AC +7, unfitting armour, cold-blooded, steam resistance,
hooves 1, MP-powered wands, noise suppression
a: Breathe Steam, Renounce Religion


You were on level 7 of the Dungeon.
You worshipped Vehumet.
Vehumet was aware of your devotion.
You visited 2 branches of the dungeon, and saw 10 of its levels.
You also visited: Sewer and Ossuary.

You collected 560 gold pieces.
You spent 100 gold pieces at shops.

Inventory:

Hand Weapons
 a - a +0 dagger of electrocution (weapon)
 p - a +2 dagger of venom
Missiles
 v - 4 throwing nets
Jewellery
 f - a ring of protection from cold (left hand)
Wands
 m - a wand of polymorph (12)
 t - a wand of iceblast (5)
Scrolls
 b - a scroll of blinking
 c - a scroll of silence
 d - 2 scrolls of poison
 h - 7 scrolls of teleportation
 i - 4 scrolls of magic mapping
 j - a scroll of enchant weapon {unknown}
 k - a scroll of vulnerability
 l - 4 scrolls of immolation
 r - a scroll of enchant armour {unknown}
 y - a scroll of acquirement {unknown}
Potions
 g - 2 potions of curing
 n - 2 potions of resistance
 q - 2 potions of haste
 s - 3 potions of flight
 u - a potion of attraction
 w - a potion of might {unknown}
 x - a potion of ambrosia
 A - 2 potions of lignification


   Skills:
 - Level 1.7 Dodging
 - Level 1.7 Stealth
 + Level 4.6 Spellcasting
 * Level 13.1 Conjurations
 + Level 3.6 Translocations
 - Level 6.0 Air Magic


You had 3 spell levels left.
You knew the following spells:

 Your Spells              Type           Power      Damage    Failure   Level
a - Shock                 Conj/Air       100%       1d9       1%          1
b - Searing Ray           Conj           100%       2d8       1%          2
q - Swiftness             Air            32%        N/A       2%          3
x - Iskenderun's Mystic   Conj/Tloc      43%        2d10      3%          4
z - Lightning Bolt        Conj/Air       24%        1d40      5%          5

Your spell library contained the following spells:

 Spells                   Type           Power      Damage    Failure   Level
 Kiss of Death            Conj/Necr      100%       2d13      1%          1
 Magic Dart               Conj           100%       1d8       1%          1
 Dazzling Flash           Conj/Hex       70%        N/A       1%          3
 Hailstorm                Conj/Ice       35%        3d9       1%          3
 Stone Arrow              Conj/Erth      70%        3d11      1%          3
 Gell's Gravitas          Tloc           22%        N/A       7%          3
 Teleport Other           Tloc           22%        N/A       7%          3
 Ensorcelled Hibernation  Hex/Ice        10%        N/A       16%         2
 Passwall                 Tmut/Erth      4%         N/A       16%         2
 Tukima's Dance           Hex            5%         N/A       30%         3
 Arcjolt                  Conj/Air       24%        1d34      5%          5
 Fulminant Prism          Conj/Hex       17%        3d10      7%          4
 Irradiate                Conj/Tmut      17%        3d17      19%         5
 Freezing Cloud           Conj/Ice/Air   17%        6-21      21%         5
 Passage of Golubria      Tloc           22%        N/A       22%         4
 Conjure Ball Lightning   Conj/Air       24%        3x3d7     30%         6
 Blade Hands              Tmut           2%         N/A       95%         5
 Yara's Violent Unravell  Hex/Tmut       2%         3d3       95%         5
 Dispersal                Tloc           11%        N/A       98%         6
 Dragon Form              Tmut           2%         N/A       100%        7


Dungeon Overview and Level Annotations

Branches:
Dungeon (9/15)             Temple (1/1) D:7           Sewer (visited)
Ossuary (visited)
   Lair: D:8-11         Orc: D:9-12

Altars:
Ashenzari
Cheibriados
Elyvilon
Fedhas
Hepliaklqana
Makhleb
Sif Muna
Uskayaw
Vehumet
Wu Jian
Zin

Shops:
D:1 ?

Annotations:
D:6 Maggie
D:9 Erolcha


Innate Abilities, Weirdness & Mutations

You can breathe blasts of scalding, opaque steam.
Your pale cyan-grey scales are hard. (AC +7)
You cannot fit into any form of body armour.
You are cold-blooded and may be slowed by cold attacks.
You are immune to the effects of steam.
You have large cloven feet.
You expend magic power (3 MP) to strengthen your wands.
You passively dampen the noise of your surroundings.


Message History

The orc warrior is almost dead.
The orc warrior barely misses you.
You hit the orc warrior but do no damage.
The orc warrior is almost dead.
The orc warrior hits you with a +0 long sword!
You barely miss the orc warrior. Your kick misses the orc warrior.
The orc warrior is almost dead.
The orc warrior hits you with a +0 long sword!
* * * LOW HITPOINT WARNING * * *
You hit the orc warrior but do no damage.
Your kick misses the orc warrior.
The orc warrior is almost dead.
The orc warrior barely misses you.
Unknown command.
Read: scroll of fear
Press: ? - help, Q - select action, (/) - cycle Dir - look around, f - activate Look: an orc warrior, wielding a +0 long sword and wearing a +0 chain mail (almost dead, chance to affect: 97%)
As you read the scroll of fear, it crumbles to dust.
You assume a fearsome visage.
The orc warrior looks frightened!
You see here a +0 shortbow.
You start resting.
A boulder beetle is nearby!
A boulder beetle is nearby!
A boulder beetle is nearby!
A boulder beetle is nearby!
You see here a +0 shortbow.
Casting: Shock (safe; 1% risk of failure)
Confirm with . or Enter, or press ? or * to list all spells.
You feel quick.
The boulder beetle curls into a ball and begins rolling!
You start to feel a little slower.
The boulder beetle attacks as you move away!
The boulder beetle completely misses you.
The boulder beetle stops rolling and uncurls.
The boulder beetle curls into a ball and begins rolling!
You feel sluggish. The boulder beetle hits you!!!
Ouch! That really hurt!
You die...

## #.# #.#
##########.##.# #.
.###.# #°#
#.............###.
#.##.# #°#
#.########.##.#...
.###.# #°# #.#
#...##...## ## #[#
#.###.# #.#....###. #
#(# #.B○°.# ##....###...
####.#
#####○#####...###....#
.....#
#B#.....###....#,,
######
#@.....##..#*,,,,* #
###...###..#.#**,,,
###...###..###,.#***,
####### ###...###....#
#...#*##
......#####...###.#.#.##
#..,#..*
####....>...####.#.#.#.#
#9###:,,
...##.####...))))......#
#)#}},*, ....#.#
#..####.#.#.#.# #.|)***,
##..#.# #....###.#.#.##
#.(**,,*


You could see a boulder beetle (rolling).

Vanquished Creatures
  A deep elf pyromancer (D:7)
  2 cyclopes (D:7)
  A komodo dragon (D:7)
  A vampire (D:7)
  A steam dragon (D:6)
  2 wargs (D:9)
  An acid dragon (D:9)
  A water moccasin (D:7)
  An orc warrior (D:7)
  A black bear (D:7)
  A sky beast (D:7)
  2 ogres
  3 centaurs
  2 phantoms
  A kobold brigand (D:5)
  A bullfrog (D:9)
  2 scorpions
  2 necrophages
  A wight (D:7)
  4 killer bees (D:9)
  A crimson imp (D:7)
  A centaur zombie (Ossuary)
  3 hounds
  A jelly (D:6)
  2 human zombies (Ossuary)
  3 orc priests
  A gnoll bouda (D:7)
  An iguana (D:4)
  A merfolk siren (Sewer)
  A merfolk avatar (Sewer)
  3 orc wizards
  4 mummies (Ossuary)
  15 gnolls
  9 adders
  13 river rats
  2 shadow imps
  A white imp (D:5)
  An ufetubus (D:7)
  9 orcs
  14 ball pythons
  10 endoplasms
  7 giant cockroaches
  12 goblins
  25 hobgoblins
  9 jackals
  13 kobolds
  12 quokkas
  7 bats
  5 frilled lizards
  A gnoll zombie (Ossuary)
  4 goblin zombies
  A hobgoblin zombie (Ossuary)
  45 rats
  A rat zombie (D:7)
269 creatures vanquished.

Vanquished Creatures (others)
  9 plants (D:6)
9 creatures vanquished.

Grand Total: 278 creatures vanquished

Notes
Turn   | Place    | Note
-------+----------+-------------------------------------------
     0 | D:1      | experimilk the Draconian Conjurer began the quest for the
                  | Orb.
     0 | D:1      | Reached XP level 1. HP: 14/14 MP: 3/3
    27 | D:1      | Got the Volume of the Snowflakes
   386 | D:1      | Reached XP level 2. HP: 20/20 MP: 0/5
   389 | D:1      | Learned a level 2 spell: Searing Ray
   450 | D:1      | Found Ceextay's Magic Scroll Shoppe.
   483 | D:1      | Bought a scroll of noise for 10 gold pieces
   827 | D:1      | Got the Anthology of Cloudy Concussion
  1028 | D:1      | Reached XP level 3. HP: 26/26 MP: 1/6
  1756 | D:1      | Bought a scroll of identify for 20 gold pieces
  1756 | D:1      | Bought a scroll of identify for 20 gold pieces
  1826 | D:2      | Learned a level 3 spell: Stone Arrow
  1973 | D:2      | Reached skill level 5 in Conjurations
  2140 | D:2      | Found a shimmering blue altar of Sif Muna.
  2297 | D:2      | Reached XP level 4. HP: 33/33 MP: 4/8
  2912 | D:1      | Bought a scroll of teleportation for 30 gold pieces
  2912 | D:1      | Bought a scroll of identify for 20 gold pieces
  3031 | D:3      | Found a faded altar of an unknown god.
  4396 | D:4      | Reached XP level 5. HP: 32/38 MP: 1/9
  4415 | D:4      | Reached skill level 6 in Conjurations
  4615 | D:4      | Noticed a phantom
  5451 | D:4      | Reached skill level 7 in Conjurations
  5451 | D:4      | Reached XP level 6. HP: 35/45 MP: 3/10
  5842 | D:4      | Found a snail-covered altar of Cheibriados.
  6048 | D:4      | Found a shimmering blue altar of Sif Muna.
  6049 | D:4      | Found a hazy altar of Hepliaklqana.
  6285 | D:5      | Entered Level 5 of the Dungeon
  6412 | D:5      | Reached skill level 8 in Conjurations
  6514 | D:5      | Your scales start taking on a pale cyan-grey colour.
  6514 | D:5      | Reached XP level 7. HP: 50/50 MP: 7/11
  6514 | D:5      | Gained mutation: You are immune to the effects of steam.
                  | [Pale Draconian growth]
  6678 | D:5      | Learned a level 5 spell: Lightning Bolt
  7214 | D:5      | Reached skill level 1 in Air Magic
  7556 | D:5      | Reached skill level 9 in Conjurations
  7643 | D:5      | Learned a level 4 spell: Iskenderun's Mystic Blast
  8008 | D:6      | Found a glowing drain.
  8092 | Sewer    | Entered a sewer
  8195 | Sewer    | Reached XP level 8. HP: 57/57 MP: 9/12
  9100 | D:6      | Noticed Maggie
  9543 | D:6      | Reached skill level 10 in Conjurations
 10341 | D:6      | You fall into a shaft and drop 3 floors!
 10482 | D:9      | Noticed Erolcha
 10526 | D:9      | Reached skill level 5 in Air Magic
 10827 | D:9      | Reached skill level 11 in Conjurations
 10852 | D:9      | Reached XP level 9. HP: 45/62 MP: 8/13
 11256 | D:7      | Found a staircase to the Ecumenical Temple.
 11266 | Temple   | Entered the Ecumenical Temple
 11298 | Temple   | Became a worshipper of Vehumet
 11471 | D:7      | Found a sand-covered staircase.
 11478 | Ossuary  | Entered an ossuary
 12320 | D:7      | Gained mutation: Your body sometimes deteriorates upon
                  | taking damage. [potion of mutation]
 12320 | D:7      | Gained mutation: You are strong-willed. (Will+) [potion of
                  | mutation]
 12321 | D:7      | Lost mutation: Your body sometimes deteriorates upon taking
                  | damage. [potion of mutation]
 12321 | D:7      | Lost mutation: You are strong-willed. (Will+) [potion of
                  | mutation]
 12321 | D:7      | Gained mutation: You expend magic power (3 MP) to
                  | strengthen your wands. [potion of mutation]
 12321 | D:7      | Gained mutation: You have large cloven feet. [potion of
                  | mutation]
 12321 | D:7      | Gained mutation: You passively dampen the noise of your
                  | surroundings. [potion of mutation]
 12529 | D:7      | Reached skill level 12 in Conjurations
 12624 | D:7      | Noticed a cyclops
 12647 | D:7      | Killed a cyclops
 12648 | D:7      | Reached skill level 1 in Translocations
 12714 | D:7      | Noticed a two-headed ogre
 12714 | D:7      | Noticed a cyclops
 12715 | D:7      | Noticed a komodo dragon
 12715 | D:7      | Noticed a deep elf pyromancer
 12716 | D:7      | Killed a cyclops
 12717 | D:7      | Noticed a boulder beetle
 12952 | D:7      | Learned a level 3 spell: Swiftness
 13071 | D:7      | Found a burning altar of Makhleb.
 13226 | D:7      | Reached * piety under Vehumet
 13226 | D:7      | Offered knowledge of Shock by Vehumet.
 13264 | D:7      | Learned a level 1 spell: Shock
 13282 | D:7      | Killed a deep elf pyromancer
 13283 | D:7      | Reached XP level 10. HP: 69/69 MP: 4/16
 13296 | D:7      | Noticed a gargoyle
 13325 | D:7      | Found a glowing silver altar of Zin.
 13329 | D:7      | Reached skill level 13 in Conjurations
 13775 | D:7      | Slain by a boulder beetle

Illustrated notes

Levels and vault maps discovered:
D:1:      lemuel_arrival_river_ford, layout_basic, serial_shops,
          nicolae_lakefront_shop, nicolae_eternal_life,
          amcnicky_mini_pool_small, minmay_misc_feat_four_crosses,
          minmay_misc_feat_x, dreamdust_princess_corridor, minmay_3d_cube
D:2:      layout_loops_cross, basic_altar, nicolae_elevator_lobby_plus
D:3:      cheibrodos_greedy_goblins, layout_basic,
          ebering_ecumenical_altar_petrified, minivault_19,
          chequers_serial_rivers_small_a
D:4:      layout_cave_pools, jmf_multi_god_temple, minmay_ruined_shrine
D:5:      lemuel_ratsnest, layout_rooms
D:6:      layout_basic, lemuel_crystal_altar, gammafunk_temple_overflow_pools,
          portal_sewer_entry_b, hangedman_decor_riveting, serial_bayou_pond_a,
          uniq_crazy_yiuf_cottage, uniq_maggie
D:7:      minmay_the_grid_triangle_9x9_recursive_2
          [minmay_the_grid_triangle_9x9_prize_schism,
          minmay_the_grid_triangle_9x9_warning,
          minmay_the_grid_triangle_9x9_negative_grid,
          minmay_the_grid_triangle_9x9_zippers_vertical], layout_loops_ring,
          makhleb_grotto_becter, lemuel_coloured_pillars_altar,
          minmay_temple_entry_purple_smoke, enter_ossuary_4
D:8:      layout_loops_cross, general_overflow_altar
D:9:      layout_basic, erik_lair_orcish_takeover, uniq_erolcha
Temple:   oiseaux_autumnal_temple

Skill      XL: |  1  2  3  4  5  6  7  8  9 10 |
---------------+-------------------------------+-----
Conjurations   | 5 7 8 9 11 12 13 | 13.1
Spellcasting   | 3 4 |  4.6
Air Magic      | 2 5 6 |  6.0
Translocations | 3 |  3.6
Dodging        | |  1.7
Stealth        | |  1.7

Action                   |  1- 3 |  4- 6 |  7- 9 | 10-12 || total
-------------------------+-------+-------+-------+-------++-------
Melee: Unarmed           |     6 |       |       |       ||     6
       Short sword       |     9 |       |       |       ||     9
       Tailslap          |     2 |     4 |     9 |     2 ||    17
       Dagger            |       |    33 |    67 |    19 ||   119
       Kick              |       |       |     2 |     7 ||     9
 Cast: Magic Dart        |    65 |    76 |    68 |       ||   209
       Searing Ray       |    13 |     9 |    51 |       ||    73
       Stone Arrow       |       |    21 |    11 |       ||    32
       Lightning Bolt    |       |       |    13 |     5 ||    18
       Shock             |       |       |     1 |     9 ||    10
       Iskenderun's Myst |       |       |     1 |       ||     1
       Swiftness         |       |       |       |     1 ||     1
 Abil: Breathe Steam     |       |       |    18 |       ||    18
  Use: Scroll            |     2 |     5 |    13 |     2 ||    22
       Potion            |       |     2 |     7 |     1 ||    10
Armor: Skin              |     7 |    11 |    37 |     4 ||    59
Dodge: Dodged            |    14 |    48 |    87 |    18 ||   167

Table legend: (Time is in decaauts)
 A = Elapsed time spent in this place.
 B = Non-inter-level travel time spent in this place.
 C = Inter-level travel time spent in this place.
 D = Time resting spent in this place.
 E = Time spent auto-exploring this place.
 F = Levels seen in this place.
 G = Mean time per level.
                   A        B        C        D        E       F      G
               +--------+--------+--------+--------+--------+-----+--------+
         Total |  13810 |  13402 |    408 |   5295 |   6209 |  12 | 1150.8 |
       Dungeon |  11886 |  11478 |    408 |   4774 |   5160 |   9 | 1320.7 |
        Temple |     60 |     60 |      0 |      0 |     21 |   1 |   60.0 |
         Sewer |   1037 |   1037 |      0 |    284 |    557 |   1 | 1037.0 |
       Ossuary |    825 |    825 |      0 |    237 |    470 |   1 |  825.0 |
               +--------+--------+--------+--------+--------+-----+--------+

Top non-repeatable levels by time:
     D:3: 2367 daAuts
     D:1: 1941 daAuts
     D:5: 1618 daAuts
     D:7: 1611 daAuts
     D:6: 1450 daAuts
     D:2: 1042 daAuts
   Sewer: 1037 daAuts
     D:4: 942 daAuts
     D:9: 888 daAuts
 Ossuary: 825 daAuts
  Temple: 60 daAuts
     D:8: 23 daAuts
